Map: Ascension to Aiur LE

Players

PtitDrogo - Winner!

  • Race: Protoss Protoss
  • Spawn Location: 11:00

Allaryce

  • Race: Zerg Zerg
  • Spawn Location: 5:00

Event: WCS Valencia 2017

VOD

Have the link to the VOD?

Description

Time

  • Played on: July 13, 2017, 6:24 a.m.
  • Length: 6:38

All games in this series

Show
View Real Time Build Order
Export as new Build Order

PtitDrogo Protoss - Winner!

Build Orders: 1 Gate Expand, Dark Templar Rush 

Get SALT Encoding   

  12  0:01  Probe (Chrono Boost)  
  13  0:11  Probe (Chrono Boost)  
  14  0:21  Pylon  
  14  0:23  Probe (Chrono Boost)  
  15  0:39  Probe (Chrono Boost)  
  15  0:41  Gateway  
  17  0:50  Probe (Chrono Boost)  
  17  0:51  Assimilator  
  17  1:00  Probe (Chrono Boost)  
  18  1:11  Probe (Chrono Boost)  
  19  1:22  Nexus  
  19  1:27  Probe (Chrono Boost)  
  20  1:35  Cybernetics Core  
  20  1:38  Probe (Chrono Boost)  
  21  1:42  Assimilator  
  21  1:48  Probe (Chrono Boost)  
  21  1:52  Pylon  
  22  2:00  Probe (Chrono Boost)  
  23  2:11  Probe (Chrono Boost)  
  23  2:12  Adept (Chrono Boost)  
  23  2:13  Warp Gate  
  26  2:23  Probe  
  27  2:30  Twilight Council  
  27  2:33  Probe  
  27  2:35  Probe  
  31  2:38  Stalker (Chrono Boost)  
  31  2:43  Probe  
  31  2:47  Probe  
  33  2:56  Probe (Chrono Boost), Robotics Facility  
  34  2:59  Probe (Chrono Boost)  
  35  3:08  Probe (Chrono Boost)  
  35  3:11  Probe (Chrono Boost)  
  37  3:19  Probe (Chrono Boost)  
  38  3:21  Probe (Chrono Boost)  
  38  3:23  Dark Shrine  
  39  3:29  Probe (Chrono Boost)  
  39  3:32  Probe (Chrono Boost)  
  41  3:40  Mothership Core (Chrono Boost)  
  43  3:50  Gateway  
  43  3:52  Gateway  
  43  3:54  Gateway, Warp Prism (Chrono Boost)  
  45  3:56  Pylon  
  45  3:57  Probe  
  46  4:05  Assimilator  
  46  4:06  Assimilator  
  46  4:10  Pylon  
  46  4:13  Probe  
  46  4:14  Probe  
  48  4:24  Probe (Chrono Boost)  
  48  4:25  Pylon  
  48  4:26  Probe (Chrono Boost)  
  50  4:36  Probe (Chrono Boost)  
  50  4:38  Probe (Chrono Boost)  
  52  4:44  Pylon  
  52  4:46  Probe (Chrono Boost)  
  52  4:48  Probe (Chrono Boost)  
  52  4:50  Dark Templar x2  
  52  4:51  Dark Templar x2  
  62  4:57  Probe (Chrono Boost)  
  62  4:59  Probe (Chrono Boost)  
  64  5:18  Gateway x2  
  64  5:22  Gateway x2  
  64  5:28  Dark Templar x2  
  64  5:29  Probe  
  64  5:31  Probe  
  64  5:33  Pylon  
  70  5:44  Cybernetics Core  
  70  5:46  Pylon  
  70  5:49  Gateway  
  70  5:53  Probe, Dark Templar x2  
  70  5:55  Probe  
  76  5:58  Pylon  
  76  6:00  Pylon  
  76  6:08  Pylon  
  76  6:25  Nexus  
Show
View Real Time Build Order
Export as new Build Order

Allaryce Zerg 

Build Orders: Hatch First 

Get SALT Encoding   

  12  0:01  Drone  
  13  0:12  Overlord  
  13  0:18  Drone  
  14  0:30  Drone  
  14  0:31  Drone  
  14  0:35  Drone  
  17  0:53  Hatchery  
  17  0:56  Drone  
  17  1:08  Extractor  
  17  1:09  Drone  
  17  1:16  Spawning Pool  
  16  1:18  Drone  
  17  1:27  Drone  
  18  1:33  Drone  
  18  1:39  Overlord  
  19  2:03  Zergling x2  
  19  2:04  Zergling x2  
  21  2:12  Queen  
  21  2:13  Metabolic Boost  
  21  2:14  Queen  
  25  2:42  Drone  
  25  2:43  Drone x5  
  30  3:02  Drone  
  31  3:05  Overlord  
  31  3:12  Hatchery  
  30  3:16  Baneling Nest  
  29  3:22  Queen  
  29  3:23  Queen  
  31  3:41  Drone x6  
  36  3:44  Overlord  
  36  4:00  Overlord x2  
  36  4:17  Evolution Chamber, Zergling x10  
  41  4:24  Zergling x2  
  41  4:27  Queen  
  43  4:38  Zergling x16  
  47  4:40  Baneling x2  
  51  4:57  Spore Crawler  
  51  4:59  Spore Crawler  
  48  5:13  Baneling x3  
  48  5:14  Baneling x8  
  48  5:18  Spine Crawler  
  47  5:25  Extractor  
  37  5:40  Drone x2  
  37  5:41  Drone x9  
  45  5:45  Drone  
  46  5:57  Extractor  
  46  5:58  Extractor  
  44  6:16  Zergling x12  
  45  6:19  Zergling x6  
Tags
 
Add a new tag
Caveats
  • Supply blocks, unpowered buildings, or Contaminate may cause inaccurate times.
  • Supply counts are checked every 10 seconds.